 Dungeon Crawl Stone Soup version 0.29.1-4-g47bece8355 (webtiles) character file.

Game seed: 1746230681735514568

8624 concernfroge the Skirmisher (level 11, -7/90 HPs)
             Began as a Mummy Monk on Dec 4, 2022.
             Was an Initiate of Gozag.
             Mangled by a two-headed ogre
             ... wielding a +0 giant club
              (34 damage)
             ... on level 9 of the Dungeon on Dec 5, 2022.
             The game lasted 00:43:47 (14917 turns).

concernfroge the Skirmisher (Mummy Monk)           Turns: 14917, Time: 00:43:48

Health: -7/90      AC: 11    Str: 17    XL:     11   Next: 12%
Magic:  20/20      EV: 14    Int:  9    God:    Gozag
Gold:   726        SH:  0    Dex: 17    Spells: 10/10 levels left

rFire   + . .      SeeInvis .   a - +3 sling of the Lonely Spirits {flame, MP+9}
rCold   + + .      Faith    .   (no shield)
rNeg    + + +      Spirit   .   n - +0 scale mail
rPois   ∞          Reflect  .   s - +2 hat
rElec   .          Harm     .   p - scarf {rC+ rF+}
rCorr   .          Rampage  .   c - +2 pair of gloves
Will    +....                   (no boots)
Stlth   +.........              (no amulet)
HPRegen 0.25/turn               q - ring of protection from fire
MPRegen 0.17/turn               r - +4 ring of evasion

@: hasted, very quick
A: cold resistance 1, negative energy resistance 3, torment resistance 2, heat
vulnerability 1, in touch with death 1, no potions
a: Renounce Religion, Potion Petition, Call Merchant, Bribe Branch


You were on level 9 of the Dungeon.
You worshipped Gozag.
Gozag was pleased with you.
You visited 2 branches of the dungeon, and saw 12 of its levels.

You collected 2286 gold pieces.
You paid 1560 gold pieces to Gozag.

Inventory:

Hand Weapons
 a - the +3 sling of the Lonely Spirits (weapon) {flame, MP+9}
   (You found it on level 2 of the Dungeon)

   Any ammunition fired from it burns those it strikes, dealing additional fire
   damage.
   MP:        It affects your magic capacity (+9).
 b - a +2 scimitar of flaming
Missiles
 f - 2 atropa-tipped darts (quivered)
 i - 20 poisoned darts
 o - 7 boomerangs
Armour
 c - a +2 pair of gloves (worn)
 m - a +2 cloak
 n - a +0 scale mail (worn)
 p - a scarf of resistance (worn)
 s - a +2 hat (worn)
Jewellery
 g - a ring of protection from fire
 q - a ring of protection from fire (left hand)
 r - a +4 ring of evasion (right hand)
Scrolls
 d - 4 scrolls of amnesia
 e - 5 scrolls of identify
 j - a scroll of teleportation
 k - a scroll of fear
 l - a scroll of vulnerability
Miscellaneous
 h - a piece from Xom's chessboard (14/15)


   Skills:
 - Level 10.0 Fighting
 - Level 2.4 Polearms
 + Level 12.2 Ranged Weapons
 - Level 2.4 Dodging
 - Level 1.5 Stealth


You had 10 spell levels left.
You didn't know any spells.
Your spell library contained the following spells:

 Spells                   Type           Power      Damage    Failure   Level
 Freeze                   Ice            0%         1d3       83%         1
 Magic Dart               Conj           0%         1d3       83%         1
 Blink                    Tloc           0%         N/A       92%         2
 Ensorcelled Hibernation  Hex/Ice        0%         N/A       92%         2
 Passwall                 Tmut/Erth      0%         N/A       92%         2
 Searing Ray              Conj           0%         2d4       92%         2
 Frozen Ramparts          Ice            0%         1d1       99%         3
 Ozocubu's Armour         Ice            0%         N/A       99%         3
 Portal Projectile        Hex/Tloc       0%         N/A       99%         3
 Swiftness                Air            0%         N/A       99%         3
 Tukima's Dance           Hex            0%         N/A       99%         3
 Airstrike                Air            0%         2d(0-16)  100%        4
 Fulminant Prism          Conj/Hex       0%         3d6       100%        4
 Hailstorm                Conj/Ice       0%         3d3       100%        4
 Passage of Golubria      Tloc           0%         N/A       100%        4
 Petrify                  Tmut/Erth      0%         N/A       100%        4
 Summon Lightning Spire   Summ/Air       0%         N/A       100%        4
 Borgnjor's Vile Clutch   Necr/Erth      0%         N/A       100%        5
 Irradiate                Conj/Tmut      0%         3d11      100%        5
 Lightning Bolt           Conj/Air       0%         1d11      100%        5
 Manifold Assault         Tloc           0%         N/A       100%        5
 Silence                  Hex/Air        0%         N/A       100%        5
 Death Channel            Necr           0%         N/A       100%        6
 Ozocubu's Refrigeration  Ice            0%         4d7       100%        7
 Lehudib's Crystal Spear  Conj/Erth      0%         10d2      100%        8
 Sublimation of Blood     Necr           Unusable   N/A       N/A         2
 Animate Dead             Necr           Unusable   N/A       N/A         4
 Blade Hands              Tmut           Unusable   N/A       N/A         5
 Storm Form               Tmut/Air       Unusable   N/A       N/A         7

Dungeon Overview and Level Annotations

Branches:
Dungeon (11/15)            Temple (1/1) D:4            Lair (0/5) D:11
    Orc (0/2) D:11

Altars:
Ashenzari
Cheibriados
Dithmenos
Fedhas
Gozag
Hepliaklqana
Kikubaaqudgha
Makhleb
Nemelex Xobeh
Okawaru
Qazlal
Ru
Sif Muna
Trog
Uskayaw
Vehumet
Xom
Yredelemnul

Shops:
D:4 *

Annotations:
D:5 1 runed translucent door, Tiocfaidh's ghost, novice GrVM
D:6 1 transporter, boopmooplesden's ghost, novice MiBe
D:9 Harold
D:11 exclusion: 3 oklob plants


Innate Abilities, Weirdness & Mutations

You are immune to poison.
Your flesh is cold resistant. (rC+)
You are immune to negative energy. (rN+++)
You are immune to unholy pain and torment.
You are vulnerable to heat. (rF-)
You are in touch with the powers of death.
You do not drink.


Message History

The two-headed ogre shouts in stereo!
Okay, then.
Unknown command.
Okay, then.
Throw: 3 darts (atropa)
Press: ? - help, Q - select action, (/) - cycle Shift-Dir - straight line, f - two-headed ogre
Aim: a two-headed ogre, wielding a +0 giant club and a +0 giant spiked club (78% to hit, chance to blind on hit: 3%)
You throw an atropa-tipped dart.
The atropa-tipped dart hits the two-headed ogre.
The two-headed ogre resists.
You shoot a sling bullet.
The sling bullet hits the two-headed ogre.
The sling bullet burns the two-headed ogre.
The two-headed ogre is lightly wounded.
The two-headed ogre hits you with a +0 giant club.
The two-headed ogre completely misses you.
You shoot a sling bullet.
The sling bullet hits the two-headed ogre!
The sling bullet burns the two-headed ogre!
The two-headed ogre is heavily wounded.
The two-headed ogre hits you with a +0 giant club.
The two-headed ogre hits you with a +0 giant spiked club!!
You shoot a sling bullet.
The sling bullet barely misses the two-headed ogre.
You shoot a sling bullet.
The sling bullet hits the two-headed ogre!
The sling bullet burns the two-headed ogre.
The two-headed ogre is severely wounded.
The two-headed ogre hits you with a +0 giant club!
The two-headed ogre hits you with a +0 giant spiked club!
* * * LOW HITPOINT WARNING * * *
[a] - 280 gold - haste [b] - 700 gold - haste, resistance, heal wounds and curing [c] - 600 gold - haste, resistance and heal wounds Purchase which effect?
You no longer have enough gold to fund merchants seeking to open stores in the dungeon.
You feel yourself speed up.
The two-headed ogre hits you with a +0 giant club!!
You die...
Your body crumbles into a pile of gold.

###### ## #....# .# ## ########
#.#..## .# .+ +...... #....#. .#
##.# #..... #....#. .# #..# ..(=
#....#. .########.######O#######
#....##
................@......####......
..#####..##..##..........(.......
..# #..##..##..................
..#####..##..##.........##......#
.........##..##.............##...
..<..............................
#################################


You could see a two-headed ogre.

Vanquished Creatures
  Lodul (D:10)
  Joseph (D:7)
  An efreet (D:9)
  15 yaks
  4 wyverns
  A steam dragon (D:9)
  A vampire mosquito (D:11)
  2 orc warriors
  Duvessa (D:6)
  5 ice beasts
  2 black bears (D:4)
  11 ogres
  3 centaurs
  A phantom (D:4)
  5 bullfrogs
  A necrophage (D:5)
  5 scorpions
  6 wights
  Dowan (D:6)
  9 killer bees
  3 howler monkeys
  5 jellies
  10 orc priests
  2 hounds
  8 orc wizards
  2 iguanas (D:5)
  A mummy (D:6)
  5 adders
  4 gnolls (D:6)
  3 ufetubi
  A worm (D:2)
  3 dart slugs
  25 orcs
  10 bats
  7 endoplasms
  A giant cockroach (D:2)
  11 goblins
  8 hobgoblins
  10 jackals
  4 quokkas
  4 ball pythons
  4 frilled lizards
  A goblin zombie (D:6)
  7 kobolds
  An orc zombie (D:6)
  4 rats
220 creatures vanquished.

Vanquished Creatures (others)
  7 plants
  2 withered plants (D:5)
9 creatures vanquished.

Grand Total: 229 creatures vanquished

Notes
Turn   | Place    | Note
-------+----------+-------------------------------------------
     0 | D:1      | concernfroge the Mummy Monk began the quest for the Orb.
     0 | D:1      | Reached XP level 1. HP: 18/18 MP: 1/1
   138 | D:1      | Reached XP level 2. HP: 21/24 MP: 2/2
   887 | D:1      | Gained mutation: You are in touch with the powers of death.
                  | [Mummy growth]
   887 | D:1      | Reached XP level 3. HP: 22/30 MP: 3/3
  1993 | D:2      | Identified the +3 sling of the Lonely Spirits {flame, MP+9}
  2197 | D:2      | Found a faded altar of an unknown god.
  2457 | D:2      | Reached skill level 5 in Fighting
  2457 | D:2      | Reached XP level 4. HP: 33/39 MP: 4/4
  3030 | D:3      | Reached XP level 5. HP: 30/46 MP: 5/5
  3775 | D:4      | Found Koed's General Store.
  3817 | D:4      | Reached XP level 6. HP: 51/53 MP: 6/6
  4089 | D:4      | Found a staircase to the Ecumenical Temple.
  4098 | Temple   | Entered the Ecumenical Temple
  4271 | Temple   | Became a worshipper of Gozag Ym Sagoz the Greedy
  5061 | D:5      | Entered Level 5 of the Dungeon
  5078 | D:4      | HP: 1/56 [black bear (2)]
  5080 | D:4      | Reached XP level 7. HP: 2/62 MP: 7/7
  6174 | D:6      | Noticed Duvessa
  6174 | D:6      | Noticed Dowan
  6373 | D:6      | Reached XP level 8. HP: 48/72 MP: 8/8
  6381 | D:6      | Reached skill level 10 in Fighting
  6382 | D:6      | Reached skill level 1 in Ranged Weapons
  6385 | D:6      | Reached skill level 2 in Ranged Weapons
  6543 | D:6      | Found a shadowy altar of Dithmenos.
  6595 | D:6      | Reached skill level 3 in Ranged Weapons
  6740 | D:6      | Reached skill level 4 in Ranged Weapons
  6847 | D:6      | Noticed boopmooplesden's ghost (novice MiBe)
  6929 | D:6      | Found a transporter.
  7067 | D:6      | Killed Duvessa
  7076 | D:6      | Killed Dowan
  7077 | D:6      | Reached skill level 5 in Ranged Weapons
  7500 | D:6      | Found a sparkling altar of Nemelex Xobeh.
  7790 | D:4      | Reached XP level 9. HP: 6/78 MP: 9/9
  8249 | D:5      | Reached skill level 6 in Ranged Weapons
  8347 | D:5      | Found a runed translucent door.
  8348 | D:5      | Noticed Tiocfaidh's ghost (novice GrVM)
  8878 | D:7      | Noticed Joseph
  8899 | D:7      | Killed Joseph
  8900 | D:7      | Reached skill level 7 in Ranged Weapons
  9868 | D:7      | Reached skill level 8 in Ranged Weapons
 10431 | D:8      | Reached skill level 9 in Ranged Weapons
 10441 | D:8      | Reached XP level 10. HP: 16/85 MP: 10/10
 11094 | D:8      | Found an ancient bone altar of Kikubaaqudgha.
 11607 | D:9      | Reached skill level 10 in Ranged Weapons
 12085 | D:9      | Noticed Harold
 12625 | D:10     | Entered Level 10 of the Dungeon
 12760 | D:10     | Reached skill level 11 in Ranged Weapons
 12967 | D:10     | Noticed Lodul
 12973 | D:10     | Killed Lodul
 13107 | D:9      | Reached XP level 11. HP: 64/90 MP: 11/11
 13350 | D:9      | Reached skill level 12 in Ranged Weapons
 14092 | D:10     | Identified the +9 spear of the Throat {chaos, rN+}
 14185 | D:11     | Noticed an oklob plant
 14358 | D:11     | Noticed an orc knight
 14376 | D:11     | Found a staircase to the Orcish Mines.
 14376 | D:11     | Noticed an oklob plant
 14376 | D:11     | Noticed an oklob plant
 14378 | D:11     | Found a staircase to the Lair.
 14911 | D:9      | Noticed a two-headed ogre
 14917 | D:9      | Mangled by a two-headed ogre

Illustrated notes

Levels and vault maps discovered:
D:1:      amcnicky_arrival_flooded_fountain, layout_loops_ring,
          roderic_serpentine_path, minmay_cupped
D:2:      layout_loops_corners, hellmonk_ecumenical_altar_arch_garden,
          minmay_distorted
D:3:      minmay_chambers_of_twos, layout_basic
D:4:      layout_gridville, minmay_temple_entry_gardened_gates, serial_shops,
          shop_fountains, chequers_serial_rivers_micro_b
D:5:      layout_loops_cross, elyvilon_altar_5, gammafunk_ghost_grave,
          serial_bayou_pond_e
D:6:      layout_loops_cross, old_standard_altar,
          mainiacjoe_overflow_surrounded_room, gammafunk_ghost_stat_death,
          nicolae_ossuary_entry_giza, grunt_decor_cap, uniq_duvessa
D:7:      layout_basic, uniq_joseph
D:8:      layout_basic, mainiacjoe_overflow_boulevard,
          hellmonk_bongcloud_opening, grunt_ministairs_5, item_on_display_a
D:9:      layout_stronghold, kennysheep_mini, uniq_harold
D:10:     layout_loops_cross, lemuel_round_altar, enter_bailey_2, uniq_lodul
D:11:     layout_loops_ring, dpeg_oklobed_lair, orc_david_3, minivault_24,
          lemuel_nasty_fountain, uniq_gastronok
Temple:   nicolae_temple_slightly_damp_pantheon

Skill      XL: |  1  2  3  4  5  6  7  8  9 10 11 |
---------------+----------------------------------+-----
Fighting       | 4 5 6 8 9 10 | 10.0
Ranged Weapons | 5 9 11 12 | 12.2
Polearms       | |  2.4
Dodging        | |  2.4
Stealth        | |  1.5

Action                   |  1- 3 |  4- 6 |  7- 9 | 10-12 || total
-------------------------+-------+-------+-------+-------++-------
Melee: Spear             |   147 |       |       |       ||   147
       Sling             |       |     1 |       |       ||     1
 Fire: Sling             |    17 |   136 |   392 |   262 ||   807
Throw: Dart              |     4 |       |    10 |     7 ||    21
       Throwing net      |       |       |     1 |       ||     1
Invok: Potion Petition   |       |       |     2 |     3 ||     5
Evoke: Wand              |       |       |       |    11 ||    11
       Piece from Xom's  |       |       |       |     2 ||     2
  Use: Scroll            |       |     5 |    17 |     8 ||    30
 Stab: Distracted        |     1 |       |       |       ||     1
       Sleeping          |     4 |       |       |       ||     4
       Invisible         |     1 |       |       |       ||     1
Armor: Robe              |    28 |       |       |       ||    28
       Ring mail         |     3 |     2 |       |       ||     5
       Scale mail        |       |    64 |   239 |    69 ||   372
       Chain mail        |       |     4 |       |       ||     4
Dodge: Dodged            |    89 |    73 |   204 |    82 ||   448
